| TOP OF THE 1ST |
|
Idaho Falls Chukars batting - Pitching for Los Angeles (NYP) Angels : LHP Brandon Davis
|
|
Pitching: LHP Brandon Davis
|
|
|
Batting: RHB Eric Erickson
|
0-0: Called Strike 0-1: Ball 1-1: Bunted foul 1-2: Strikes out looking
|
|
Batting: RHB Kevin Allen
|
0-0: Swinging Strike 0-1: Called Strike 0-2: Ground out 4-3 (Groundball, 4, EV 79.4 MPH)
|
|
Batting: RHB Edite Leoni
|
0-0: Called Strike 0-1: Swinging Strike 0-2: Ball 1-2: Strikes out swinging
|
| Top of the 1st over - 0 runs, 0 hits, 0 errors, 0 left on base; Idaho Falls 0 - Los Angeles (NYP) 0 |
| BOTTOM OF THE 1ST |
|
Los Angeles (NYP) Angels batting - Pitching for Idaho Falls Chukars : RHP Travis Stump
|
|
Pitching: RHP Travis Stump
|
|
|
Batting: RHB Steve Hasson
|
0-0: Called Strike 0-1: Ball 1-1: Fly out, F9 (Flyball, 9S, EV 97.5 MPH)
|
|
Batting: RHB Greg Burdine
|
0-0: Ground out U3 (Groundball, 3, EV 85.6 MPH)
|
|
Batting: RHB Randy Grewe
|
0-0: Ball 1-0: Ball 2-0: Ball 3-0: Called Strike 3-1: Swinging Strike 3-2: Foul Ball, location: 2F 3-2: Base on Balls
|
|
Batting: RHB Jon Griffin
|
0-0: Ball 1-0: Called Strike 1-1: Ball 2-1: Ball 3-1: Base on Balls Randy Grewe to second
|
|
Batting: SHB Roger Payne
|
0-0: Ball Wild Pitch! Randy Grewe to third Jon Griffin to second 1-0: Foul Ball, location: 2F 1-1: Foul Ball, location: 2F 1-2: Strikes out swinging
|
| Bottom of the 1st over - 0 runs, 0 hits, 0 errors, 2 left on base; Idaho Falls 0 - Los Angeles (NYP) 0 |
| TOP OF THE 2ND |
|
Idaho Falls Chukars batting - Pitching for Los Angeles (NYP) Angels : LHP Brandon Davis
|
|
Batting: LHB John Wagner
|
0-0: Swinging Strike 0-1: Ball 1-1: Foul Ball, location: 2F 1-2: Strikes out swinging, 2-3 out at first.
|
|
Batting: RHB Ken Postlethwaite
|
0-0: Ball 1-0: Swinging Strike 1-1: Called Strike 1-2: Ball 2-2: Foul Ball, location: 2F 2-2: Strikes out swinging
|
|
Batting: RHB Jeremy Haun
|
0-0: Swinging Strike 0-1: Ball 1-1: Foul Ball, location: 2F 1-2: Strikes out swinging
|
| Top of the 2nd over - 0 runs, 0 hits, 0 errors, 0 left on base; Idaho Falls 0 - Los Angeles (NYP) 0 |
| BOTTOM OF THE 2ND |
|
Los Angeles (NYP) Angels batting - Pitching for Idaho Falls Chukars : RHP Travis Stump
|
|
Pitching: RHP Tony Jimenez
|
|
|
Batting: RHB Pat Crawley
|
0-0: Called Strike 0-1: Swinging Strike 0-2: Ball 1-2: Ball 2-2: Ball 3-2: Base on Balls
|
|
Batting: RHB John Beddow
|
0-0: Called Strike 0-1: Ball 1-1: Fly out, F7 (Flyball, 78D, EV 81.2 MPH)
|
|
Batting: RHB Tristan Lewis
|
0-0: Called Strike 0-1: Ball 1-1: Ball 2-1: Ball 3-1: Called Strike 3-2: TRIPLE (Flyball, 78XD, EV 108.1 MPH) Pat Crawley scores
|
|
Batting: RHB Zach Robbins
|
0-0: Ground out 5-3 (Groundball, 56S, EV 76.2 MPH) Tristan Lewis scores
|
|
Batting: RHB Steve Hasson
|
0-0: Called Strike 0-1: Fly out, F9 (Flyball, 9D, EV 85.6 MPH)
|
| Bottom of the 2nd over - 2 runs, 1 hit, 0 errors, 0 left on base; Idaho Falls 0 - Los Angeles (NYP) 2 |
| TOP OF THE 3RD |
|
Idaho Falls Chukars batting - Pitching for Los Angeles (NYP) Angels : LHP Brandon Davis
|
|
Batting: RHB Nate De Jongh
|
0-0: Foul Ball, location: 2F 0-1: Swinging Strike 0-2: Ball 1-2: Ball 2-2: Foul Ball, location: 2F 2-2: Ball 3-2: Foul Ball, location: 2F 3-2: Foul Ball, location: 2F 3-2: Base on Balls
|
|
Batting: RHB Eric Dyer
|
0-0: Swinging Strike 0-1: Ball 1-1: Called Strike 1-2: Ball 2-2: Strikes out swinging
|
|
Batting: RHB Ben Minge
|
0-0: Ball 1-0: Called Strike 1-1: Swinging Strike 1-2: Strikes out looking
|
|
Batting: RHB Eric Erickson
|
0-0: Ball 1-0: SINGLE (Flyball, 9LS, EV 93.1 MPH) Nate De Jongh to second Runner from 2nd tries for 3rd, SAFE, no throw by RF
|
|
Batting: RHB Kevin Allen
|
0-0: Ball 1-0: Ball 2-0: Ball 3-0: Base on Balls Eric Erickson to second
|
|
Batting: RHB Edite Leoni
|
0-0: Ball 1-0: Swinging Strike 1-1: Ball 2-1: Foul Ball, location: 2F 2-2: Ball 3-2: DOUBLE (Flyball, 5D, EV 98.1 MPH) Nate De Jongh scores Eric Erickson scores Kevin Allen to third Kevin Allen scores
|
|
Batting: LHB John Wagner
|
0-0: Ball Wild Pitch! Edite Leoni to third 1-0: Called Strike 1-1: Ball 2-1: Foul Ball, location: 2F 2-2: Strikes out swinging
|
| Top of the 3rd over - 3 runs, 2 hits, 0 errors, 1 left on base; Idaho Falls 3 - Los Angeles (NYP) 2 |
| BOTTOM OF THE 3RD |
|
Los Angeles (NYP) Angels batting - Pitching for Idaho Falls Chukars : RHP Tony Jimenez
|
|
Pitching: RHP Rich Frontczak
|
|
|
Batting: RHB Greg Burdine
|
0-0: Ball 1-0: Ball 2-0: Called Strike 2-1: Ground out 6-3 (Groundball, 6, EV 87.5 MPH)
|
|
Batting: RHB Randy Grewe
|
0-0: Ball 1-0: Ball 2-0: Called Strike 2-1: Swinging Strike 2-2: Ball 3-2: Base on Balls
|
|
Batting: RHB Jon Griffin
|
0-0: Ball 1-0: Ball 2-0: SINGLE (Line Drive, 89S, EV 100.0 MPH) Randy Grewe to second
|
|
Batting: SHB Roger Payne
|
0-0: Ball 1-0: Foul Ball, location: 2F 1-1: Called Strike Randy Grewe steals 3rd base Jon Griffin to second 1-2: Ball 2-2: Fly out, F6 (Popup, 15, EV 80.0 MPH)
|
|
Batting: RHB Pat Crawley
|
0-0: Ball 1-0: Ball 2-0: Ball 3-0: Base on Balls
|
|
Batting: RHB John Beddow
|
0-0: Ball 1-0: Ball 2-0: SINGLE (Line Drive, 4M, EV 103.8 MPH) Randy Grewe scores Jon Griffin to third Pat Crawley to second Runner from 3rd tries for Home, SAFE, throw by CF to home Pat Crawley to third John Beddow to second
|
|
Batting: RHB Tristan Lewis
|
0-0: Ball 1-0: Called Strike 1-1: Foul Ball, location: 2F 1-2: Ground out 5-3 (Groundball, 56S, EV 85.0 MPH)
|
| Bottom of the 3rd over - 2 runs, 2 hits, 0 errors, 2 left on base; Idaho Falls 3 - Los Angeles (NYP) 4 |
| TOP OF THE 4TH |
|
Idaho Falls Chukars batting - Pitching for Los Angeles (NYP) Angels : LHP Brandon Davis
|
|
Batting: RHB Ken Postlethwaite
|
0-0: Foul Ball, location: 2F 0-1: Foul Ball, location: 2F 0-2: Strikes out looking
|
|
Batting: RHB Jeremy Haun
|
0-0: Ball 1-0: Ball 2-0: Called Strike 2-1: Foul Ball, location: 2F 2-2: Strikes out swinging
|
|
Batting: RHB Nate De Jongh
|
0-0: Called Strike 0-1: Ball 1-1: Ball 2-1: Swinging Strike 2-2: Ball 3-2: Strikes out swinging
|
| Top of the 4th over - 0 runs, 0 hits, 0 errors, 0 left on base; Idaho Falls 3 - Los Angeles (NYP) 4 |
| BOTTOM OF THE 4TH |
|
Los Angeles (NYP) Angels batting - Pitching for Idaho Falls Chukars : RHP Rich Frontczak
|
|
Batting: RHB Zach Robbins
|
0-0: Called Strike 0-1: Swinging Strike 0-2: Ball 1-2: Ball 2-2: Fly out, F7 (Flyball, 7S, EV 76.2 MPH)
|
|
Batting: RHB Steve Hasson
|
0-0: Ball 1-0: Foul Ball, location: 2F 1-1: SINGLE (Groundball, 56D, EV 104.4 MPH)
|
|
Batting: RHB Greg Burdine
|
0-0: Called Strike 0-1: Ball 1-1: Hit by Pitch Steve Hasson to second
|
|
Batting: RHB Randy Grewe
|
0-0: Swinging Strike 0-1: Swinging Strike 0-2: Strikes out swinging
|
|
Batting: RHB Jon Griffin
|
0-0: Called Strike 0-1: Fielders Choice at 2nd, 6-4 (Groundball, 6, EV 82.5 MPH)
|
| Bottom of the 4th over - 0 runs, 1 hit, 0 errors, 2 left on base; Idaho Falls 3 - Los Angeles (NYP) 4 |
| TOP OF THE 5TH |
|
Idaho Falls Chukars batting - Pitching for Los Angeles (NYP) Angels : LHP Brandon Davis
|
|
Batting: RHB Eric Dyer
|
0-0: Ball 1-0: Called Strike 1-1: Foul Ball, location: 2F 1-2: Ball 2-2: Hit by Pitch
|
|
Batting: RHB Ben Minge
|
0-0: Foul Ball, location: 2F 0-1: Called Strike 0-2: Ball 1-2: Fly out, F4 (Popup, 3, EV 58.8 MPH)
|
|
Batting: RHB Eric Erickson
|
0-0: Ball 1-0: Grounds into double play, 6-4-3 (Groundball, 6S, EV 86.2 MPH)
|
| Top of the 5th over - 0 runs, 0 hits, 0 errors, 0 left on base; Idaho Falls 3 - Los Angeles (NYP) 4 |
| BOTTOM OF THE 5TH |
|
Los Angeles (NYP) Angels batting - Pitching for Idaho Falls Chukars : RHP Rich Frontczak
|
|
Batting: SHB Roger Payne
|
0-0: Ball 1-0: Called Strike 1-1: Ball 2-1: TRIPLE (Flyball, 78XD, EV 91.2 MPH)
|
|
Batting: RHB Pat Crawley
|
0-0: Fly out, F4 (Flyball, 34D, EV 90.6 MPH)
|
|
Batting: RHB John Beddow
|
0-0: Called Strike 0-1: Foul Ball, location: 2F 0-2: Ball Wild Pitch! Roger Payne scores 1-2: Ball 2-2: Foul Ball, location: 2F 2-2: SINGLE (Groundball, 4M, EV 101.9 MPH)
|
|
Batting: RHB Tristan Lewis
|
0-0: Called Strike 0-1: Ball 1-1: SINGLE (Groundball, 56D, EV 104.4 MPH) John Beddow to second
|
|
Batting: RHB Zach Robbins
|
0-0: Swinging Strike 0-1: Hit by Pitch John Beddow to third Tristan Lewis to second
|
|
Pitching: RHP Chad Sullivan
|
|
|
Batting: RHB Steve Hasson
|
0-0: Called Strike 0-1: Ball Wild Pitch! John Beddow scores Tristan Lewis to third Zach Robbins to second 1-1: Swinging Strike 1-2: SINGLE (Groundball, 56D, EV 105.6 MPH) Tristan Lewis scores Zach Robbins to third
|
|
Batting: RHB Greg Burdine
|
0-0: Ball 1-0: Called Strike Steve Hasson steals 2nd base 1-1: Ground out 4-3 (Groundball, 4, EV 85.6 MPH) Zach Robbins scores Steve Hasson to third
|
|
Batting: RHB Randy Grewe
|
0-0: Foul Ball, location: 2F 0-1: DOUBLE (Flyball, 8RXD, EV 94.4 MPH) Steve Hasson scores
|
|
Batting: RHB Jon Griffin
|
0-0: Ball 1-0: Called Strike 1-1: Fly out, F8 (Flyball, 8LM, EV 91.2 MPH)
|
| Bottom of the 5th over - 5 runs, 5 hits, 0 errors, 1 left on base; Idaho Falls 3 - Los Angeles (NYP) 9 |
| TOP OF THE 6TH |
|
Idaho Falls Chukars batting - Pitching for Los Angeles (NYP) Angels : LHP Brandon Davis
|
|
Batting: RHB Kevin Allen
|
0-0: Ball 1-0: Foul Ball, location: 2F 1-1: SINGLE (Groundball, 6MD, EV 105.6 MPH)
|
|
Batting: RHB Edite Leoni
|
0-0: Ball Kevin Allen is caught stealing 2nd base 2-4 1-0: Called Strike 1-1: Ball 2-1: Fly out, F1 (Line Drive, P, EV 70.6 MPH)
|
|
Batting: LHB John Wagner
|
0-0: Called Strike 0-1: Swinging Strike 0-2: Ball 1-2: Ball 2-2: Foul Ball, location: 2F 2-2: Ball 3-2: Base on Balls
|
|
Batting: RHB Ken Postlethwaite
|
0-0: Called Strike 0-1: Ball 1-1: SINGLE (Flyball, 6MD, EV 88.8 MPH) John Wagner to second Runner from 2nd tries for 3rd, SAFE, throw by CF made to third
|
|
Batting: RHB Jeremy Haun
|
0-0: Swinging Strike 0-1: Ball 1-1: Foul Ball, location: 2F 1-2: Foul Ball, location: 2F 1-2: Ball 2-2: Strikes out swinging
|
| Top of the 6th over - 0 runs, 2 hits, 0 errors, 2 left on base; Idaho Falls 3 - Los Angeles (NYP) 9 |
| BOTTOM OF THE 6TH |
|
Los Angeles (NYP) Angels batting - Pitching for Idaho Falls Chukars : RHP Chad Sullivan
|
|
Batting: SHB Roger Payne
|
0-0: Ball 1-0: Called Strike 1-1: Ball 2-1: Ball 3-1: Base on Balls
|
|
Batting: RHB Pat Crawley
|
Balk! Roger Payne to second 0-0: Ball Passed Ball! Roger Payne to third 1-0: Ball 2-0: Ball Wild Pitch! Roger Payne scores 3-0: Called Strike 3-1: Base on Balls
|
|
Batting: RHB John Beddow
|
0-0: Foul Ball, location: 2F Balk! Pat Crawley to second 0-1: Fly out, F9 (Line Drive, 9S, EV 93.1 MPH)
|
|
Batting: RHB Tristan Lewis
|
0-0: Foul Ball, location: 2F 0-1: TRIPLE (Flyball, 7LD, EV 98.1 MPH) Pat Crawley scores
|
|
Batting: RHB Zach Robbins
|
0-0: SINGLE (Groundball, 34S, EV 66.9 MPH) (infield hit)
|
|
Batting: RHB Steve Hasson
|
0-0: Ball 1-0: Foul Ball, location: 2F 1-1: Swinging Strike 1-2: Ball 2-2: Foul Ball, location: 2F 2-2: SINGLE (Groundball, 34D, EV 105.0 MPH) Tristan Lewis scores Zach Robbins to second
|
|
Batting: RHB Greg Burdine
|
0-0: Foul Ball, location: 2F 0-1: Ball 1-1: Swinging Strike Balk! Zach Robbins to third Steve Hasson to second 1-2: 3-RUN HOME RUN (Flyball, 9LD, EV 98.8 MPH), Distance : 354 ft
|
|
Pitching: LHP Randy Stapleton
|
|
|
Batting: RHB Randy Grewe
|
0-0: Swinging Strike 0-1: Ball 1-1: Foul Ball, location: 2F 1-2: Ball 2-2: Strikes out looking
|
|
Batting: RHB Jon Griffin
|
0-0: Ball 1-0: Ball 2-0: Called Strike 2-1: Ball 3-1: Called Strike 3-2: Base on Balls
|
|
Batting: SHB Roger Payne
|
0-0: Ball 1-0: Foul Ball, location: 2F 1-1: Ball 2-1: Called Strike 2-2: Ball 3-2: Base on Balls Jon Griffin to second
|
|
Batting: RHB Pat Crawley
|
0-0: Ball 1-0: Ball 2-0: Called Strike 2-1: Ball 3-1: Called Strike 3-2: Base on Balls Jon Griffin to third Roger Payne to second
|
|
Pitching: RHP Timotheus Cooper
|
|
|
Batting: RHB John Beddow
|
0-0: Swinging Strike 0-1: Fielders Choice at 2nd, 6-4 (Groundball, 6, EV 81.2 MPH)
|
| Bottom of the 6th over - 6 runs, 4 hits, 0 errors, 3 left on base; Idaho Falls 3 - Los Angeles (NYP) 15 |
| TOP OF THE 7TH |
|
Idaho Falls Chukars batting - Pitching for Los Angeles (NYP) Angels : LHP Brandon Davis
|
|
Pitching: LHP Alex Pulido
|
|
|
Batting: RHB Nate De Jongh
|
0-0: Ball 1-0: SINGLE (Groundball, 4MD, EV 98.1 MPH)
|
|
Batting: RHB Eric Dyer
|
Pickoff Throw to First - Out! 1-3 0-0: Swinging Strike 0-1: Called Strike 0-2: Strikes out swinging
|
|
Batting: RHB Ben Minge
|
0-0: Called Strike 0-1: Ball 1-1: Ball 2-1: Swinging Strike 2-2: Strikes out swinging, 2-3 out at first.
|
| Top of the 7th over - 0 runs, 1 hit, 0 errors, 0 left on base; Idaho Falls 3 - Los Angeles (NYP) 15 |
| BOTTOM OF THE 7TH |
|
Los Angeles (NYP) Angels batting - Pitching for Idaho Falls Chukars : RHP Timotheus Cooper
|
|
Batting: RHB Tristan Lewis
|
0-0: SINGLE (Groundball, 6MD, EV 106.2 MPH)
|
|
Batting: RHB Zach Robbins
|
0-0: Called Strike 0-1: Swinging Strike 0-2: Ball Wild Pitch! Tristan Lewis to second 1-2: Strikes out swinging
|
|
Batting: RHB Steve Hasson
|
0-0: Ball Wild Pitch! Tristan Lewis to third 1-0: Swinging Strike 1-1: Ball 2-1: Ball Balk! Tristan Lewis scores 3-1: Base on Balls
|
|
Batting: RHB Greg Burdine
|
0-0: Foul Ball, location: 2F Balk! Steve Hasson to second 0-1: Fly out, F9 (Line Drive, 9D, EV 103.8 MPH)
|
|
Batting: RHB Randy Grewe
|
0-0: Foul Ball, location: 2F 0-1: Swinging Strike Passed Ball! Steve Hasson to third 0-2: Foul Ball, location: 2F 0-2: Foul Ball, location: 2F 0-2: Foul Ball, location: 2F 0-2: Ball Balk! Steve Hasson scores 1-2: Foul Ball, location: 2F 1-2: DOUBLE (Line Drive, 3D, EV 100.0 MPH)
|
|
Batting: RHB Jon Griffin
|
0-0: Ball Wild Pitch! Randy Grewe to third 1-0: Ball 2-0: Ball 3-0: Foul Ball, location: 2F 3-1: Base on Balls
|
|
Batting: SHB Roger Payne
|
0-0: Foul Ball, location: 2F Balk! Randy Grewe scores Jon Griffin to second 0-1: Foul Ball, location: 2F 0-2: Strikes out looking
|
| Bottom of the 7th over - 3 runs, 2 hits, 0 errors, 1 left on base; Idaho Falls 3 - Los Angeles (NYP) 18 |
| TOP OF THE 8TH |
|
Idaho Falls Chukars batting - Pitching for Los Angeles (NYP) Angels : LHP Alex Pulido
|
|
Batting: RHB Eric Erickson
|
0-0: Swinging Strike 0-1: Ball 1-1: Foul Ball, location: 2F 1-2: Ball 2-2: Ball 3-2: Strikes out swinging
|
|
Batting: RHB Kevin Allen
|
0-0: Ball 1-0: Swinging Strike 1-1: Swinging Strike 1-2: Strikes out swinging
|
|
Batting: RHB Edite Leoni
|
0-0: Called Strike 0-1: Fly out, F6 (Line Drive, 6, EV 67.5 MPH)
|
| Top of the 8th over - 0 runs, 0 hits, 0 errors, 0 left on base; Idaho Falls 3 - Los Angeles (NYP) 18 |
| BOTTOM OF THE 8TH |
|
Los Angeles (NYP) Angels batting - Pitching for Idaho Falls Chukars : RHP Timotheus Cooper
|
|
Batting: RHB Pat Crawley
|
0-0: Swinging Strike 0-1: Ball 1-1: Swinging Strike 1-2: Ball 2-2: DOUBLE (Flyball, 89D, EV 95.6 MPH)
|
|
Batting: RHB John Beddow
|
0-0: Swinging Strike 0-1: Foul Ball, location: 2F 0-2: Ball 1-2: Ball 2-2: Ball 3-2: Base on Balls
|
|
Batting: RHB Tristan Lewis
|
0-0: Ball 1-0: Foul Ball, location: 2F 1-1: SINGLE (Groundball, 56D, EV 95.6 MPH) Pat Crawley to third John Beddow to second
|
|
Batting: RHB Zach Robbins
|
0-0: Foul Ball, location: 2F 0-1: Foul Ball, location: 2F 0-2: Strikes out looking
|
|
Batting: RHB Steve Hasson
|
0-0: Called Strike 0-1: Foul Ball, location: 2F 0-2: SINGLE (Groundball, 6MD, EV 102.5 MPH) Pat Crawley scores John Beddow to third Tristan Lewis to second
|
|
Batting: RHB Greg Burdine
|
0-0: Called Strike 0-1: Foul Ball, location: 2F 0-2: Strikes out looking
|
|
Batting: RHB Randy Grewe
|
0-0: Ball 1-0: SINGLE (Flyball, 4D, EV 91.9 MPH) John Beddow scores Tristan Lewis to third Steve Hasson to second Runner from 3rd tries for Home, SAFE, throw by CF to home
|
|
Batting: RHB Jon Griffin
|
0-0: DOUBLE (Groundball, 3L, EV 103.1 MPH) Steve Hasson scores Randy Grewe to third Runner from 3rd tries for Home, throw by RF and OUT! 9-4-2
|
| Bottom of the 8th over - 4 runs, 5 hits, 0 errors, 1 left on base; Idaho Falls 3 - Los Angeles (NYP) 22 |
| TOP OF THE 9TH |
|
Idaho Falls Chukars batting - Pitching for Los Angeles (NYP) Angels : LHP Alex Pulido
|
|
Batting: LHB John Wagner
|
0-0: Called Strike 0-1: Foul Ball, location: 2F 0-2: Foul Ball, location: 2F 0-2: Ball 1-2: Strikes out swinging
|
|
Batting: RHB Ken Postlethwaite
|
0-0: Called Strike 0-1: Swinging Strike 0-2: Ground out 6-3 (Groundball, 56, EV 81.9 MPH)
|
|
Batting: RHB Jeremy Haun
|
0-0: Ball 1-0: SINGLE (Line Drive, 8RM, EV 102.5 MPH)
|
|
Batting: RHB Nate De Jongh
|
0-0: SINGLE (Line Drive, 89M, EV 111.9 MPH) Jeremy Haun to second
|
|
Batting: RHB Eric Dyer
|
0-0: Ball 1-0: Foul Ball, location: 2F 1-1: SINGLE (Line Drive, 34, EV 98.1 MPH) Jeremy Haun to third Nate De Jongh to second
|
|
Batting: RHB Ben Minge
|
0-0: Ball 1-0: Called Strike 1-1: Ball 2-1: Swinging Strike 2-2: Foul Ball, location: 2F 2-2: Ball 3-2: Fly out, F9 (Line Drive, 9D, EV 91.2 MPH)
|
| Top of the 9th over - 0 runs, 3 hits, 0 errors, 3 left on base; Idaho Falls 3 - Los Angeles (NYP) 22 |
|